 Dungeon Crawl Stone Soup version 0.24.0-37-gcf1ca852f1 (webtiles) character file.

Game seed: 12367863423992360730, levelgen mode: deterministic

1395 PentaManta the Shield-Bearer (level 9, -3/69 HPs)
             Began as a Formicid Fighter on Dec 5, 2019.
             Was a Follower of Okawaru.
             Slain by an orc
             ... wielding a +1 morningstar of protection
              (4 damage)
             ... on level 6 of the Dungeon.
             The game lasted 00:11:04 (5136 turns).

PentaManta the Shield-Bearer (Formicid Fighter)     Turns: 5136, Time: 00:11:05

Health: -3/69      AC: 11    Str: 21    XL:     9   Next: 0%
Magic:  9/9        EV: 11    Int:  8    God:    Okawaru [*.....]
Gold:   167        SH: 11    Dex: 17    Spells: 8/8 levels left

rFire    . . .     SeeInvis +   q - +1 dagger (venom)
rCold    . . .     Gourm    .   c - +0 shield
rNeg     . . .     Faith    .   b - +0 scale mail
rPois    .         Spirit   .   (helmet unavailable)
rElec    .         Reflect  .   (no cloak)
rCorr    .         Harm     .   s - +0 pair of gloves
MR       .....                  r - +1 pair of boots {Fly}
Stlth    +.........             (no amulet)
HPRegen  0.21/turn              k - +4 ring of dexterity
MPRegen  0.11/turn              (no ring)

@: flying
A: permanent stasis, dig shafts and tunnels, four strong arms, antennae 3
a: Dig, Shaft Self, Heroism, Renounce Religion


You were on level 6 of the Dungeon.
You worshipped Okawaru.
Okawaru was aware of your devotion.
You were hungry.

You visited 2 branches of the dungeon, and saw 7 of its levels.

You collected 167 gold pieces.

Inventory:

Hand Weapons
 a - a +0 long sword
 p - a +2 rapier of holy wrath
 q - a +1 dagger of venom (weapon)
Armour
 b - a +0 scale mail (worn)
 c - a +0 shield (worn)
 r - a +1 pair of boots of flying (worn)
 s - a +0 pair of gloves (worn)
Jewellery
 k - a +4 ring of dexterity (left hand)
Wands
 e - a wand of flame (17)
Scrolls
 g - 2 scrolls of remove curse
 j - 2 scrolls of identify
 l - 2 scrolls of magic mapping
 n - 2 scrolls of fear {unknown}
 o - a scroll of enchant weapon
 v - a scroll of blinking {unknown}
 x - 2 scrolls of amnesia
Potions
 d - 2 potions of might
 h - 3 potions of curing
 i - a potion of magic
 m - 2 potions of brilliance
 t - a potion of degeneration {unknown}
 u - 2 potions of flight
Comestibles
 f - 9 rations


   Skills:
 + Level 6.0 Fighting
 + Level 4.9 Long Blades
 + Level 6.1 Armour
 + Level 3.9 Dodging
 - Level 1.1 Stealth
 + Level 6.5 Shields


You had 8 spell levels left.
You didn't know any spells.
Your spell library contained the following spells:

 Spells                   Type           Power        Failure   Level  Hunger
 Pain                     Necr           #...         88%         1    ##.....
 Sting                    Conj/Pois      #...         88%         1    ##.....
 Sublimation of Blood     Necr           #.........   96%         2    ###....
 Regeneration             Chrm/Necr      #.........   99%         3    ####...
 Vampiric Draining        Necr           #.........   99%         3    ####...
 Dispel Undead            Necr           #.......     100%        5    ######.
 Excruciating Wounds      Chrm/Necr      #.........   100%        5    ######.


Dungeon Overview and Level Annotations

Branches:
Dungeon (6/15)             Temple (1/1) D:5

Altars:
Ashenzari
Cheibriados
Dithmenos
Elyvilon
Fedhas
Gozag
Hepliaklqana
Kikubaaqudgha
Makhleb
Nemelex Xobeh
Okawaru
Ru
Sif Muna
Uskayaw
Vehumet
Xom
Yredelemnul
Zin
The Shining One


Innate Abilities, Weirdness & Mutations

You cannot be hasted, slowed, berserked, paralysed or teleported.
You can dig through walls and to a lower floor.
Your four strong arms can wield two-handed weapons with a shield.
You have a pair of large antennae on your head. (SInv)


Message History

The orc wizard is lightly wounded.
The orc closely misses you. You block the orc wizard's attack.
You block the orc's attack. The orc wizard misses you.
You hit the orc wizard.
The orc wizard looks as sick as possible!
The orc wizard is heavily wounded.
You block the orc's attack.
The orc wizard hits you but does no damage.
You block the orc's attack.
You hit the orc wizard but do no damage.
The orc wizard looks as sick as possible!
The orc wizard is heavily wounded.
The orc wizard hits you but does no damage.
You block the orc wizard's attack. The orc completely misses you.
You hit the orc wizard.
The orc wizard looks as sick as possible!
The orc wizard is heavily wounded.
The orc wizard misses you.
The orc hits you with a +1 morningstar of protection.
You die...

#.##########.......#...##
..........รท.............##
............#####........##
#....########
#######...#### ######
###....### ## #####
##.....## {...## ##...##
#......# {{.....# ##)....##
##...... #....#####o@o....#
#...... #...o.#..oo###..##
###.....
#........####...###......#
#........###....(.........
#.....#####........###...<
##....## #......^### ###..
#....## #..###..# ###
##....# #..# #..# #.....##
#..# #..#


You could see 2 orc wizards and 2 orcs.

Vanquished Creatures
  Grinder (D:4)
  Edmund (D:5)
  2 orc warriors
  An ice beast (D:6)
  A hornet zombie (D:5)
  An ogre (D:4)
  A water moccasin skeleton (D:5)
  A centaur skeleton (D:5)
  A hound (D:4)
  Jessica (D:2)
  3 worker ants
  Natasha (thrice) (D:4)
  3 orc wizards
  A hound skeleton (D:4)
  4 gnolls (D:6)
  9 adders
  A howler monkey skeleton (D:5)
  An ooze (D:3)
  2 adder skeletons
  A worm (D:3)
  5 dart slugs
  2 leopard geckos
  9 orcs
  4 giant cockroaches
  4 goblins
  11 hobgoblins
  6 jackals
  2 quokkas
  A ball python (D:2)
  10 bats
  10 frilled lizards
  6 kobolds
  A quokka skeleton (D:5)
  6 rats
  A spectral orc (D:2)
117 creatures vanquished.

Vanquished Creatures (others)
  An orc wizard (D:5)
1 creature vanquished.

Grand Total: 118 creatures vanquished

Notes
Turn   | Place    | Note
-------+----------+-------------------------------------------
     0 | D:1      | PentaManta the Formicid Fighter began the quest for the
                  | Orb.
     0 | D:1      | Reached XP level 1. HP: 18/18 MP: 1/1
    52 | D:1      | Reached XP level 2. HP: 12/24 MP: 2/2
   598 | D:1      | Reached XP level 3. HP: 27/29 MP: 3/3
   741 | D:2      | Reached skill level 1 in Stealth
   849 | D:2      | Reached skill level 1 in Dodging
   872 | D:2      | Reached XP level 4. HP: 25/36 MP: 4/4
  1280 | D:2      | Noticed Jessica
  1288 | D:2      | Killed Jessica
  1292 | D:2      | Reached XP level 5. HP: 33/42 MP: 5/5
  1426 | D:2      | Found a burning altar of Makhleb.
  1428 | D:2      | Noticed a blizzard demon
  1523 | D:2      | Found a snail-covered altar of Cheibriados.
  1638 | D:2      | Found a basalt altar of Yredelemnul.
  1903 | D:3      | Identified the Incunabulum of Venomous Darkness
  2690 | D:4      | Noticed Grinder
  2729 | D:4      | Killed Grinder
  2729 | D:4      | Reached skill level 5 in Shields
  2729 | D:4      | Reached XP level 6. HP: 4/49 MP: 6/6
  3004 | D:4      | Reached XP level 7. HP: 54/55 MP: 7/7
  3068 | D:4      | Noticed Natasha
  3079 | D:4      | Killed Natasha
  3129 | D:4      | Found a glowing golden altar of the Shining One.
  3461 | D:4      | Noticed Natasha
  3469 | D:4      | Killed Natasha
  3471 | D:4      | Noticed Natasha
  3484 | D:4      | Killed Natasha
  3484 | D:4      | Reached skill level 5 in Armour
  3502 | D:4      | Reached skill level 5 in Fighting
  3580 | D:5      | Entered Level 5 of the Dungeon
  3620 | D:5      | Reached XP level 8. HP: 60/62 MP: 8/8
  3747 | D:5      | Found a staircase to the Ecumenical Temple.
  3767 | Temple   | Entered the Ecumenical Temple
  3859 | Temple   | Became a worshipper of Warmaster Okawaru
  4008 | D:5      | Noticed Edmund
  4342 | D:5      | Killed Edmund
  4967 | D:6      | Reached * piety under Okawaru
  5130 | D:6      | Reached XP level 9. HP: 6/69 MP: 9/9
  5132 | D:6      | HP: 1/69 [orc/+1 morningstar of protection (6)]
  5136 | D:6      | Slain by an orc

Levels and vault maps discovered:
D:1:      minmay_arrival_cross, layout_basic
D:2:      layout_rooms, yredelemnul_forgotten_temple_becter, marbit_many_paths,
          first_ration, makhleb_altar_promises_db, uniq_jessica
D:3:      layout_loops_corners, minmay_checkerbox
D:4:      layout_basic, nicolae_overflow_hidden_temple, uniq_grinder,
          uniq_natasha
D:5:      layout_basic, minmay_temple_entry_overgrown, uniq_edmund
D:6:      layout_layer_cave, serial_shops, shop, chequers_serial_rivers_room_a,
          nemelex_spade_bored_becter
Temple:   regret_index_temple_sphere_string

Skill      XL: |  1  2  3  4  5  6  7  8 |
---------------+-------------------------+-----
Stealth        | 1 |  1.1
Shields        | 4 5 6 |  6.5
Dodging        | 1 2 3 |  3.9
Armour         | 4 5 6 |  6.1
Fighting       | 4 5 6 |  6.0
Long Blades    | 3 4 |  4.9

Action                   |  1- 3 |  4- 6 |  7- 9 || total
-------------------------+-------+-------+-------++-------
Melee: Long sword        |    48 |       |       ||    48
       Dagger            |    74 |   211 |   257 ||   542
       Rapier            |       |    12 |    28 ||    40
  Use: Scroll            |       |       |    11 ||    11
       Potion            |       |       |     4 ||     4
  Eat: Chunk             |       |     5 |     2 ||     7
       Ration            |       |     1 |     1 ||     2
Armor: Scale mail        |    42 |   101 |    89 ||   232
       Skin              |       |       |    26 ||    26
Dodge: Dodged            |    52 |    88 |   101 ||   241
Block: Shield            |    57 |   155 |   163 ||   375
       Rpst.: Long sword |    11 |       |       ||    11
